 Dungeon Crawl Stone Soup version 0.12.2-13-gffed442 (webtiles) character file.

204 BorisCarlOrff the Skirmisher (level 5, -5/69 HPs)
             Began as a Minotaur Berserker on July 28, 2013.
             Was a Priest of Trog.
             Slain by an ogre
             ... wielding a +0,+0 giant spiked club
              (8 damage)
             ... on Level 4 of the Dungeon.
             The game lasted 00:10:38 (2375 turns).

BorisCarlOrff the Skirmisher (Minotaur Berserker)   Turns: 2375, Time: 00:10:38

HP  -5/69        AC  9     Str 27      XL: 5   Next: 33%
MP   1/1         EV  7     Int  4      God: Trog [***...]
Gold 25          SH  0     Dex 10      Spells:  0 memorised,  4 levels left

Res.Fire  : . . .   See Invis. : .   a - +1,+2 spear (pierce)
Res.Cold  : . . .   Warding    : .   e - +0 chain mail
Life Prot.: . . .   Conserve   : .   (no shield)
Res.Poison: .       Res.Corr.  : +   (helmet restricted)
Res.Elec. : .       Clarity    : .   m - -1 cloak (curse)
Sust.Abil.: . .     Spirit.Shd : .   (no gloves)
Res.Mut.  : .       Stasis     : .   j - +0 pair of boots
Res.Rott. : .       Ctrl.Telep.: .   h - amulet of resist corrosion
Saprovore : . . .   Flight     : .   (no ring)
                                     o - ring of protection from magic

@: berserking, very quick, somewhat resistant to hostile enchantments, extremely
unstealthy
A: retaliatory headbutt, horns 2
a: Burn Spellbooks, Berserk, Trog's Hand, Renounce Religion


You were on level 4 of the Dungeon.
You worshipped Trog.
Trog was greatly pleased with you.
You were not hungry.

You visited 1 branch of the dungeon, and saw 4 of its levels.

You collected 141 gold pieces.
You spent 136 gold pieces at shops.

Inventory:

Hand weapons
 a - a +1,+2 spear of piercing (weapon)
 b - a +0,+0 spear (quivered) {=f}
 c - the cursed +3,+2 sling "Vewagh" {flame, rN+, unknown}
   (You bought it in a shop on level 4 of the Dungeon)

   It turns projectiles fired from it into bolts of flame.
   It protects you from negative energy.
   It has a curse placed upon it.
Armour
 e - a +0 chain mail (worn)
 j - a +0 pair of boots (worn)
 m - a cursed -1 cloak (worn)
Magical devices
 k - a wand of invisibility (0)
Scrolls
 n - a scroll of teleportation
Jewellery
 h - an amulet of resist corrosion (around neck)
 o - a ring of protection from magic (left hand)
 q - an uncursed ring of flight {unknown}
Potions
 d - a potion of restore abilities {unknown}
 f - 2 potions of curing
 g - a potion of heal wounds {unknown}
 i - a potion of resistance {unknown}
 l - a potion of agility {unknown}
 p - a potion of mutation {unknown}
 r - a potion of porridge {unknown}


   Skills:
 + Level 4.6 Fighting
 * Level 4.3 Polearms
 + Level 0.2 Throwing
 + Level 3.8 Armour
 - Level 4.0 Dodging
 + Level 0.1 Stealth
 + Level 0.8 Traps


You had 4 spell levels left.
You didn't know any spells.

Dungeon Overview and Level Annotations

Branches:
Dungeon (4/27)
 Temple: D:4-7

Altars:
Okawaru
Zin

Shops:
D:4: *


Innate Abilities, Weirdness & Mutations

You reflexively headbutt those who attack you in melee.
You have a pair of horns on your head.


Message History

The ogre shouts!
There is an open door here.
The kobold closely misses you.
The ogre hits you with a giant spiked club!
You hit the kobold.
You kill the kobold!
Trog accepts your kill.
The ogre hits you with a giant spiked club!
* * * LOW HITPOINT WARNING * * *
You see here an orcish dagger.
Use which ability? (? or * to list)
A red film seems to cover your vision as you go berserk!
You feel yourself moving faster!
You feel mighty!
You feel quite a bit more hungry.
The ogre hits you with a giant spiked club!
* * * LOW HITPOINT WARNING * * *
You puncture the ogre!
The ogre is heavily wounded.
The ogre hits you with a giant spiked club!
You die...

#......#
#..∩...#
#########......#
...............#
...............#
...............#
....####'###...#
.. #..O...#...#
+...@..#...#
#......#..
#......#
#......#
########


You could see an ogre.

Vanquished Creatures
  The ghost of Rycklaryybbe the Changer, an average SETm (D:3)
  Ijyb (D:3)
  4 adders
  A worm (D:3)
  An ooze (D:2)
  An orc (D:4)
  8 bats
  9 hobgoblins
  2 quokkas
  A ball python (D:3)
  3 giant cockroaches
  3 giant newts
  3 goblins
  5 kobolds
  7 rats
50 creatures vanquished.

Notes
Turn   | Place    | Note
--------------------------------------------------------------
     0 | D:1      | BorisCarlOrff, the Minotaur Berserker, began the quest for the Orb.
     0 | D:1      | Reached XP level 1. HP: 19/19 MP: 0/0
    41 | D:1      | Found an iron altar of Okawaru.
   119 | D:1      | Reached XP level 2. HP: 23/26 MP: 0/0
   659 | D:2      | Reached skill level 4 in Fighting
   708 | D:2      | Reached XP level 3. HP: 24/33 MP: 1/1
   743 | D:2      | Acquired Trog's second power
  1509 | D:3      | Noticed Rycklaryybbe's ghost (average SETm)
  1536 | D:3      | Killed Rycklaryybbe's ghost
  1536 | D:3      | Reached XP level 4. HP: 25/40 MP: 1/1
  1727 | D:3      | Reached XP level 5. HP: 24/46 MP: 1/1
  1891 | D:3      | Noticed Ijyb
  1918 | D:3      | Killed Ijyb
  1961 | D:3      | Found a glowing silver altar of Zin.
  2358 | D:4      | Found Cuanir's Assorted Antiques.
  2362 | D:4      | Bought an ivory sling for 136 gold pieces
  2370 | D:4      | Noticed an ogre
  2374 | D:4      | HP: 3/69 [ogre/giant spiked club (15)]
  2375 | D:4      | Slain by an ogre

Action                   |  1- 3 |  4- 6 || total
-------------------------+-------+-------++-------
Melee: Mace              |    24 |       ||    24
       Spear             |    68 |    56 ||   124
Throw: Spear             |     2 |    10 ||    12
Invok: Berserk           |     1 |     1 ||     2
Evoke: Wand              |       |     1 ||     1
  Use: Scroll            |     5 |     6 ||    11
       Potion            |     1 |       ||     1
